 Dungeon Crawl Stone Soup version 0.28-a0-194-g42b4daccc1 (webtiles) character file.

Game seed: 5936854538668156111

74 aSlayers the Skirmisher (level 4, -1/49 HPs)
             Began as an Ogre Fighter on Aug 17, 2021.
             Slain by an orc (5 damage)
             ... on level 3 of the Dungeon on Aug 18, 2021.
             The game lasted 00:16:57 (2003 turns).

aSlayers the Skirmisher (Ogre Fighter)              Turns: 2003, Time: 00:16:57

Health: -1/49      AC:  3    Str: 21    XL:     4   Next: 30%
Magic:  4/4        EV:  8    Int:  9    God:
Gold:   48         SH:  7    Dex:  8    Spells: 3/3 levels left

rFire   . . .      SeeInvis .   a - +1 long sword
rCold   . . .      Faith    .   c - +0 kite shield
rNeg    . . .      Spirit   .   t - +0 robe
rPois   .          Reflect  .   (helmet restricted)
rElec   .          Harm     .   (no cloak)
rCorr   .          Rampage  .   (gloves unavailable)
Will    .....                   (boots unavailable)
Stlth   +.........              (no amulet)
HPRegen 0.16/turn               (no ring)
MPRegen 0.09/turn               (no ring)

@: about to teleport
A: large, unfitting armour, tough skin 1
a: no special abilities


You were on level 3 of the Dungeon.
You visited 1 branch of the dungeon, and saw 3 of its levels.

You collected 56 gold pieces.
You spent 8 gold pieces at shops.

Inventory:

Hand Weapons
 a - a +1 long sword (weapon)
 g - a +0 dagger
 h - a +0 club
 m - a +0 short sword
Missiles
 l - 7 boomerangs (quivered)
 n - 13 arrows
Armour
 b - a +0 robe
 c - a +0 kite shield (worn)
 e - a +0 pair of boots
 f - a +0 ring mail
 i - a +0 chain mail {q}
 k - a +1 leather armour of cold resistance
 p - a +0 chain mail
 q - a +0 scale mail
 t - a +0 robe (worn)
Potions
 d - a potion of might
 j - a potion of resistance {unknown}
 o - a potion of mutation


   Skills:
 + Level 4.7 Fighting
 + Level 2.5 Long Blades
 + Level 3.3 Dodging
 + Level 0.1 Stealth
 + Level 3.1 Shields


You had 3 spell levels left.
You didn't know any spells.
Your spell library was empty.

Dungeon Overview and Level Annotations

Branches:
Dungeon (3/15)

Altars:
Okawaru

Shops:
D:1 *   D:2 [


Innate Abilities, Weirdness & Mutations

You are too large for most types of armour.
You have tough skin. (AC +1)


Message History

The orc wizard points at you and mumbles some strange words.
The puff of flame hits you.
An orc comes into view. It is wielding a +0 dagger.
The orc shouts!
You closely miss the orc wizard. The orc hits you with a +0 hand axe.
You block the orc wizard's attack.
The orc wizard hits you but does no damage.
You closely miss the orc wizard. The orc completely misses you.
A dart slug comes into view.
You block the orc's attack.
You barely miss the orc. The orc hits you with a +0 hand axe.
The orc closely misses you.
You riposte.
You hit the orc.
The orc is lightly wounded.
The orc hits you with a +0 hand axe.
You barely miss the orc.
The orc is lightly wounded.
The orc hits you with a +0 falchion. The orc hits you with a +0 hand axe.
The orc wizard hits you with a +0 dagger.
You hit the orc.
The orc is severely wounded.
You block the orc's attack. The orc hits you with a +0 hand axe.
You block the orc's attack. The worm bites you but does no damage.
The orc hits you with a +0 falchion. You block the orc's attack.
You hit the worm.
The worm is moderately wounded.
The orc wizard points at you and mumbles some strange words.
The puff of flame hits you. You block the orc's attack.
The orc hits you but does no damage. You block the orc's attack.
The orc hits you with a +0 hand axe.
* * * LOW HITPOINT WARNING * * *
The orc wizard hits you but does no damage.
The worm bites you.
* * * LOW HITPOINT WARNING * * *
The orc hits you with a +0 mace.
* * * LOW HITPOINT WARNING * * *
The orc hits you but does no damage.
Okay, then.
As you read the scroll of teleportation, it crumbles to dust.
You feel strangely unstable. The orc hits you with a +0 falchion.
You die...

#. .#<.......#
######.#.###'######
.......#.........#
........#####....#
........#####....####
.....................
........#####.#######
......ooo...'.#
.....oo@#####.#
......ow# #.#
.......w# ###
...........#
...?.....$.#
...........#
....###....# ####
#....# ......


You could see a worm, an orc wizard, a dart slug and 5 orcs.

Vanquished Creatures
  Jessica (D:2)
  2 adders (D:2)
  3 ball pythons
  5 endoplasms
  6 goblins
  5 hobgoblins
  A bat (D:1)
  2 frilled lizards (D:1)
  2 kobolds
  4 rats (D:2)
31 creatures vanquished.

Notes
Turn   | Place    | Note
-------+----------+-------------------------------------------
     0 | D:1      | aSlayers the Ogre Fighter began the quest for the Orb.
     0 | D:1      | Reached XP level 1. HP: 24/24 MP: 1/1
   119 | D:1      | Reached XP level 2. HP: 17/32 MP: 2/2
   467 | D:1      | Found Lofeepta's Assorted Antiques.
   679 | D:1      | Upgraded the game from 0.28-a0-178-ga708605c5b to
                  | 0.28-a0-194-g42b4daccc1
   837 | D:1      | You fall into a shaft and drop 1 floor!
  1115 | D:2      | Reached XP level 3. HP: 40/40 MP: 3/3
  1419 | D:2      | Found an iron altar of Okawaru.
  1502 | D:2      | Found Cemoh's Armour Boutique.
  1515 | D:2      | Bought a +0 robe for 8 gold pieces
  1697 | D:2      | Noticed Jessica
  1709 | D:2      | Killed Jessica
  1710 | D:2      | Reached XP level 4. HP: 35/49 MP: 4/4
  1881 | D:2      | Found a faded altar of an unknown god.
  2003 | D:3      | Slain by an orc

Illustrated notes

Levels and vault maps discovered:
D:1:      minmay_arrival_doors, layout_rooms, serial_shops, shop
D:2:      layout_basic, basic_altar, serial_shops,
          nicolae_shop_temple_entry_statues_fountains,
          shapermc_ecumenical_altar_notcrosses, uniq_jessica
D:3:      layout_basic, uniq_crazy_yiuf_cottage, uniq_terence

Skill      XL: |  1  2 |
---------------+-------+-----
Dodging        | 3 |  3.3
Long Blades    | 2 |  2.5
Shields        | 3 |  3.1
Fighting       | |  4.7
Stealth        | |  0.1

Action                   |  1- 3 |  4- 6 || total
-------------------------+-------+-------++-------
Melee: Long sword        |    72 |    13 ||    85
  Use: Scroll            |     3 |     1 ||     4
Armor: Robe              |    25 |     6 ||    31
Dodge: Dodged            |    30 |     3 ||    33
Block: Kite shield       |    32 |    11 ||    43
       Rpst.: Long sword |     8 |     2 ||    10

Table legend: (Time is in decaauts)
 A = Elapsed time spent in this place.
 B = Non-inter-level travel time spent in this place.
 C = Inter-level travel time spent in this place.
 D = Time resting spent in this place.
 E = Time spent auto-exploring this place.
 F = Levels seen in this place.
 G = Mean time per level.
                   A        B        C        D        E       F      G
               +--------+--------+--------+--------+--------+-----+--------+
         Total |   2046 |   1988 |     58 |    534 |    547 |   3 |  682.0 |
       Dungeon |   2046 |   1988 |     58 |    534 |    547 |   3 |  682.0 |
               +--------+--------+--------+--------+--------+-----+--------+

Top non-repeatable levels by time:
     D:2: 1042 daAuts
     D:1: 965 daAuts
     D:3: 38 daAuts
